 Dungeon Crawl Stone Soup version 0.16-a0-2979-g562a0a4 (webtiles) character file.

1123 Ratboiler the Basher (level 8, 0/59 HPs)
             Began as a Pale Draconian Wanderer on Dec 5, 2014.
             Killed by divine providence
             ... invoked by an orc priest
              (13 damage)
             ... on level 5 of the Dungeon.
             The game lasted 00:19:30 (7106 turns).

Ratboiler the Basher (Pale Draconian Wanderer)      Turns: 7106, Time: 00:19:31

Health: 0/59       AC:  7    Str: 12    XL:     8   Next: 13%
Magic:  13/13      EV: 11    Int: 15    God:
Gold:   275        SH:  0    Dex: 13    Spells: 3 memorised, 4 levels left

rFire  + . .     SeeInvis .     b - +0 blowgun
rCold  . . .     Clarity  .     (armour unavailable)
rNeg   . . .     SustAb   .     (no shield)
rPois  .         Gourm    .     (helmet restricted)
rElec  .         Spirit   .     C - +0 cloak
rCorr  .         Warding  .     (no gloves)
rMut   +         Stasis   .     (no boots)
MR     .....                    k - amulet of resist mutation
Stlth  ++........               (no ring)
                                A - ring of protection from fire

@: not resistant to hostile enchantments, unstealthy
A: breathe steam, unfitting armour, cold-blooded, AC +6
a: Breathe Steam


You were on level 5 of the Dungeon.
You were not hungry.

You visited 1 branch of the dungeon, and saw 5 of its levels.

You collected 275 gold pieces.

Inventory:

Hand weapons
 a - a +0 morningstar of crushing
 b - a +0 blowgun (weapon)
 f - a +0 dagger
 o - a +2 whip of freezing
 v - a +3 flail of draining
Missiles
 h - 41 sling bullets
 l - 15 javelins
 p - 11 poisoned needles (quivered)
 z - 5 needles of confusion
Armour
 C - a +0 cloak (worn)
Jewellery
 k - an amulet of resist mutation (around neck)
 A - a ring of protection from fire (left hand)
Magical devices
 t - a wand of slowing (35)
 u - a wand of teleportation (6)
Scrolls
 d - 2 scrolls of enchant weapon
 m - 4 scrolls of remove curse
 n - 2 scrolls of teleportation {unknown}
 w - a scroll of fear
 y - a scroll of amnesia {unknown}
Potions
 i - a potion of mutation
 j - 2 potions of flight {unknown}
 q - a potion of magic
 s - a potion of curing
 x - a potion of heal wounds
 D - a potion of agility {unknown}
Books
 c - Lee's Catalogue of Confrontation and the Arsonist

   Spells                             Type                      Level
   a - Flame Tongue                   Conjuration/Fire             1
   b - Throw Flame                    Conjuration/Fire             2
 e - a book of Necromancy

   Spells                             Type                      Level
   a - Pain                           Necromancy                   1
   b - Animate Skeleton               Necromancy                   1
   c - Vampiric Draining              Necromancy                   3
   d - Regeneration                   Charms/Necromancy            3
   e - Animate Dead                   Necromancy                   4
   f - Control Undead                 Necromancy                   4
Comestibles
 g - a bread ration
 r - a beef jerky
 B - a meat ration


   Skills:
 - Level 1.1 Fighting
 - Level 1.0 Short Blades
 + Level 9.5 Maces & Flails
 - Level 1.0 Dodging
 - Level 1.7 Stealth
 - Level 2.0 Spellcasting
 - Level 2.0 Necromancy
   Level 1.0 Transmutations


You had 4 spell levels left.
You knew the following spells:

 Your Spells              Type           Power        Failure   Level  Hunger
a - Animate Skeleton      Necr           N/A          12%         1    #......
b - Regeneration          Chrm/Necr      #.........   43%         3    ###....
c - Vampiric Draining     Necr           #.........   30%         3    ###....


Dungeon Overview and Level Annotations

Branches:
Dungeon (5/15)
 Temple: D:4-7

Altars:
Cheibriados
Dithmenos

Annotations:
D:4 Prince Ribbit
D:5 nht's ghost, experienced MfTm


Innate Abilities, Weirdness & Mutations

You can breathe blasts of scalding steam.
Your pale cyan-grey scales are hard (AC +6).
Your body does not fit into most forms of armour.
Your cold-blooded metabolism reacts poorly to cold.


Message History

The orc warrior barely misses your hound skeleton.
Your hound skeleton bites the orc warrior.
The orc warrior barely misses your hound skeleton.
Your hound skeleton closely misses the orc warrior.
An orc priest comes into view. It is wielding a whip.
b - a +0 blowgun (weapon)
Your hound skeleton bites the orc warrior but does no damage.
Firing (i - inventory. (,) - cycle):
p - 12 poisoned needles (quivered)
Press: ? - help, Shift-Dir - straight line, f - orc
Aim: an orc, wielding a dagger You shoot a poisoned needle.
The poisoned needle hits the orc!
The orc is poisoned.
The orc warrior hits your hound skeleton with a hand axe.
Your hound skeleton bites the orc warrior.
The orc closely misses you.
The orc warrior hits your hound skeleton with a hand axe!
Your hound skeleton is destroyed!
The orc priest calls down the wrath of Beogh upon you.
Something smites you!
You die...

#...............#
...###.#######..## #..#
#.# #...# #..#
#.########..###### #..#
#..........))....#
...#########.###.####.#
##...........# #.#
###########.###.#
#....@# ###...# #..o###
#.....# #######..#.#
..........#.#
#######)## # #o# #o#


You could see an orc warrior (unaware), an orc priest and an orc.

Vanquished Creatures
  Pikel (D:4)
  Edmund (D:4)
  An ogre (D:5)
  2 hounds
  An orc priest (D:5)
  Crazy Yiuf (D:4)
  3 worker ants (D:4)
  2 orc wizards
  Jessica (D:2)
  Terence (D:3)
  A worker ant zombie (D:4)
  7 adders
  A shadow imp (D:4)
  2 gnolls (D:5)
  2 giant mites
  3 worms
  A giant gecko (D:2)
  10 orcs
  8 bats
  5 giant cockroaches
  9 hobgoblins
  A jackal (D:2)
  22 kobolds
  5 quokkas
  2 giant newts
  5 goblins
  2 orc skeletons (D:4)
  A quokka skeleton (D:4)
  7 rats
  A fungus (D:4)
109 creatures vanquished.

Vanquished Creatures (collateral kills)
  A slave (D:4)
  A worm (D:3)
  2 orcs
  A hobgoblin (D:3)
  A bat (D:4)
  A giant cockroach (D:1)
  A rat (D:4)
8 creatures vanquished.

Vanquished Creatures (others)
  2 hound skeletons
  2 adder skeletons
  2 bat skeletons (D:4)
  A goblin (D:4)
  2 goblin skeletons
  2 hobgoblin skeletons
  A human skeleton (D:3)
  4 kobold skeletons
  3 orc skeletons
  2 quokka skeletons (D:4)
  A rat skeleton (D:1)
  A fungus (D:4)
23 creatures vanquished.

Grand Total: 140 creatures vanquished

Notes
Turn   | Place    | Note
--------------------------------------------------------------
     0 | D:1      | Ratboiler, the Draconian Wanderer, began the quest for the Orb.
     0 | D:1      | Ratboiler set off with: a book of Necromancy, a potion of lignification, Lee's Catalogue of Confrontation and the Arsonist, a +0 club, a +0 dagger, a bread ration
     0 | D:1      | Reached XP level 1. HP: 16/16 MP: 3/3
     0 | D:1      | Identified Lee's Catalogue of Confrontation and the Arsonist
     2 | D:1      | Learned a level 1 spell: Animate Skeleton
   256 | D:1      | Reached skill level 1 in Maces & Flails
   416 | D:1      | Reached XP level 2. HP: 21/23 MP: 4/4
  1822 | D:1      | Reached XP level 3. HP: 15/28 MP: 6/6
  2000 | D:1      | Learned a level 3 spell: Regeneration
  2137 | D:2      | Reached skill level 3 in Maces & Flails
  2668 | D:2      | Noticed Jessica
  2682 | D:2      | Killed Jessica
  2682 | D:2      | Reached XP level 4. HP: 30/35 MP: 7/7
  2784 | D:2      | Reached skill level 4 in Maces & Flails
  2930 | D:3      | Found a snail-covered altar of Cheibriados.
  3464 | D:3      | Noticed Terence
  3480 | D:3      | Killed Terence
  3540 | D:3      | Found a shadowy altar of Dithmenos.
  3901 | D:3      | Reached XP level 5. HP: 36/40 MP: 9/9
  4242 | D:3      | Your ally Terence died
  4516 | D:4      | Noticed Prince Ribbit
  4523 | D:3      | Reached skill level 5 in Maces & Flails
  4960 | D:4      | Reached XP level 6. HP: 37/47 MP: 5/10
  5157 | D:4      | Reached skill level 6 in Maces & Flails
  5282 | D:4      | Noticed Edmund
  5307 | D:4      | Killed Edmund
  5620 | D:4      | Reached skill level 7 in Maces & Flails
  5814 | D:4      | Noticed a slave
  5817 | D:4      | Noticed a slave
  5818 | D:4      | Noticed Pikel
  5827 | D:4      | Killed a slave
  5828 | D:4      | Noticed a slave
  5830 | D:4      | Noticed a slave
  5903 | D:4      | Killed Pikel
  5903 | D:4      | Reached skill level 9 in Maces & Flails
  5903 | D:4      | Your scales start fading to a pale cyan-grey colour.
  5903 | D:4      | Reached XP level 7. HP: 32/52 MP: 12/12
  6395 | D:4      | Noticed Crazy Yiuf
  6418 | D:4      | Killed Crazy Yiuf
  6491 | D:5      | Entered Level 5 of the Dungeon
  6493 | D:5      | Noticed nht's ghost (experienced MfTm)
  6968 | D:5      | Reached XP level 8. HP: 59/59 MP: 13/13
  7021 | D:5      | Learned a level 3 spell: Vampiric Draining
  7106 | D:5      | Killed from afar by an orc priest

Action                   |  1- 3 |  4- 6 |  7- 9 || total
-------------------------+-------+-------+-------++-------
Melee: Club              |   159 |    54 |       ||   213
       Morningstar       |       |   141 |    62 ||   203
 Fire: Blowgun           |    40 |    21 |     9 ||    70
 Cast: Animate Skeleton  |     2 |    20 |     2 ||    24
 Abil: Breathe Steam     |       |       |     4 ||     4
  Use: Scroll            |     6 |     4 |     1 ||    11
       Potion            |       |     2 |       ||     2
 Stab: Sleeping          |     1 |       |       ||     1
  Eat: Bread ration      |     1 |     1 |       ||     2
       Chunk             |       |     7 |     3 ||    10
       Royal jelly       |       |       |     1 ||     1
